 Dungeon Crawl Stone Soup version 0.30.0-29-ga12c61a403 (webtiles) character file.

Game seed: 5048739570786758013

14233 LynnLen the Unseen (level 11, -5/45 (47) HPs)
             Began as a Spriggan Enchanter on June 18, 2023.
             Was a Priest of Nemelex Xobeh.
             Slain by a spectral catoblepas (18 damage)
             ... in a Gauntlet.
             The game lasted 01:06:04 (15892 turns).

LynnLen the Unseen (Spriggan Enchanter)            Turns: 15892, Time: 01:06:04

HP:   -5/45 (47)    AC:  9    Str:  4    XL:     11   Next: 86%
MP:   27/27         EV: 22    Int: 21    God:    Nemelex Xobeh [***...]
Gold: 447           SH:  0    Dex: 16    Spells: 23/33 levels left

rFire   + . .        D - +6 rapier
rCold   + . .        (no shield)
rNeg    . . .        o - +2 robe {rC+ rF+}
rPois   +            c - +2 hood of the Assassin {Detect Stab+ Stlth++}
rElec   .            H - +2 cloak
rCorr   .            (gloves unavailable)
SInv    +            (boots unavailable)
Will    +....        (no amulet)
Stlth   ++++++++     i - +5 ring of evasion
HPRegen 0.27/turn    k - ring of poison resistance
MPRegen 0.20/turn

%: no teleportation
@: lightly drained, very quick
A: very small, no large weapons, unfitting armour, see invisible, speed 3
a: Renounce Religion, Draw Escape, Draw Destruction, Draw Summoning, Triple Draw


You were in a Gauntlet.
You worshipped Nemelex Xobeh.
Nemelex Xobeh was most pleased with you.
You visited 2 branches of the dungeon, and saw 12 of its levels.
You also visited: Sewer, Bailey and Gauntlet.

You collected 759 gold pieces.
You spent 312 gold pieces at shops.

Inventory:

Hand Weapons
 D - a +6 rapier (weapon)
 I - a +1 dagger of holy wrath
Missiles
 a - 52 poisoned darts
 j - 150 stones (quivered)
 l - 2 curare-tipped darts
 F - 3 throwing nets
Armour
 c - the +2 hood of the Assassin (worn) {Detect Stab+ Stlth++}
   (You acquired it on level 7 of the Dungeon)

   Detect:    It allows the wearer to sense nearby creatures.
   Stab+:     It allows the wearer to make particularly effective stabbing
   attacks against helpless or unaware enemies with any weapon.
   Stlth:     It makes you much more stealthy.
 o - a +2 robe of resistance (worn)
 H - a +2 cloak (worn)
Jewellery
 i - a +5 ring of evasion (left hand)
 k - a ring of poison resistance (right hand)
Wands
 A - a wand of iceblast (13)
 B - a wand of paralysis (9)
 C - a wand of flame (15)
 O - a wand of digging (4)
Scrolls
 e - 7 scrolls of teleportation
 g - 5 scrolls of fog
 h - a scroll of butterflies {unknown}
 m - a scroll of vulnerability {unknown}
 q - 2 scrolls of poison
 t - 2 scrolls of blinking
 u - 3 scrolls of immolation {unknown}
 w - a scroll of noise {unknown}
 y - a scroll of silence {unknown}
 G - a scroll of enchant armour
 K - a scroll of brand weapon {unknown}
 L - a scroll of fear {unknown}
 M - a scroll of acquirement
Potions
 b - 3 potions of curing
 d - a potion of attraction
 f - a potion of resistance
 n - a potion of lignification {unknown}
 p - a potion of flight
 r - 3 potions of ambrosia
 x - 2 potions of berserk rage
 z - 2 potions of might
 E - 2 potions of brilliance {unknown}
 J - a potion of cancellation {unknown}
 P - a potion of degeneration {unknown}
Miscellaneous
 s - a box of beasts
 v - a lightning rod (4/4)
 N - a phial of floods


   Skills:
 + Level 5.5 Short Blades
 - Level 2.6 Dodging
 + Level 16.5 Stealth
 + Level 11.6 Spellcasting
 + Level 11.2 Hexes
 - Level 2.0 Air Magic
 - Level 2.0 Poison Magic
 * Level 3.8 Invocations
 * Level 8.5 Evocations


You had 23 spell levels left.
You knew the following spells:

 Your Spells              Type           Power      Damage    Failure   Level
a - Ensorcelled Hibernat  Hex/Ice        70%        N/A       1%          2
b - Confusing Touch       Hex            56%        N/A       1%          3
c - Tukima's Dance        Hex            56%        N/A       1%          3
d - Poisonous Vapours     Pois/Air       40%        N/A       3%          2

Your spell library contained the following spells:

 Spells                   Type           Power      Damage    Failure   Level
 Dazzling Flash           Conj/Hex       70%        N/A       1%          3
 Beastly Appendage        Tmut           24%        N/A       5%          1
 Static Discharge         Conj/Air       32%        2-4/arc   5%          2
 Wereblood                Tmut           12%        N/A       9%          2
 Mephitic Cloud           Conj/Pois/Air  17%        N/A       10%         3
 Spider Form              Tmut/Pois      16%        N/A       11%         3
 Hailstorm                Conj/Ice       12%        3d5       17%         3
 Ozocubu's Armour         Ice            12%        N/A       17%         3
 Airstrike                Air            10%        2d(2-18)  24%         4
 Summon Lightning Spire   Summ/Air       16%        N/A       34%         4
 Ice Form                 Ice/Tmut       12%        N/A       50%         4
 Freezing Cloud           Conj/Ice/Air   7%         6-21      75%         5
 Simulacrum               Ice/Necr       6%         N/A       100%        6
 Ozocubu's Refrigeration  Ice            6%         4d8       100%        7


Dungeon Overview and Level Annotations

Branches:
Dungeon (11/15)            Temple (1/1) D:5            Lair (0/5) D:10
    Orc (0/2) D:9           Sewer (visited)          Bailey (visited)
Gauntlet (1/1)

Altars:
Ashenzari
Cheibriados
Dithmenos
Elyvilon
Fedhas
Gozag
Hepliaklqana
Kikubaaqudgha
Makhleb
Nemelex Xobeh
Okawaru
Qazlal
Ru
Sif Muna
Trog
Uskayaw
Vehumet
Wu Jian
Xom
Yredelemnul
Zin
The Shining One

Shops:
D:4 :

Annotations:
D:11 Josephine Gauntlet 15 transporters, 21 runed translucent doors, exclusions: 2 lightning spires and orange crystal statue


Innate Abilities, Weirdness & Mutations

You are very small and have problems with some larger weapons.
You are too small for most types of armour.
You have supernaturally acute eyesight. (SInv)
You cover ground extremely quickly. (Speed+++)


Message History

The spectral catoblepas gores the withered plant.
The death scarab barely misses you.
Okay, then.
You hit the death scarab.
The death scarab is lightly damaged.
The death scarab completely misses you.
You hit the death scarab.
The death scarab is lightly damaged.
The death scarab completely misses you.
The spectral catoblepas gores the withered plant!
The death scarab is no longer moving slowly.
The death scarab completely misses you.
The spectral catoblepas barely misses you.
You closely miss the death scarab.
The death scarab is lightly damaged.
The death scarab closely misses you.
The spectral catoblepas closely misses you.
You hit the death scarab.
The death scarab is moderately damaged.
The death scarab bites you.
The death scarab draws strength from your injuries!
The death scarab bites you! The death scarab drains your vigour!
You feel yourself slow down.
The death scarab draws strength from your injuries!
The spectral catoblepas closely misses you.
The death scarab misses you. The spectral catoblepas gores you!
* * * LOW HITPOINT WARNING * * *
You feel drained.
* * * LOW HITPOINT WARNING * * *
The death scarab misses you.
You draw a card...
You have drawn the Cloud.
Clouds appear around you! The spectral catoblepas misses you.
There is a transporter here.
You see here a scroll of acquirement.
M - a scroll of acquirement You feel yourself speed up.
The spectral catoblepas gores you!!
You die...
Your body disappears without a glow.

###..#|#§.#....#.#.##.#
#....#..#..#...#.#.##.#
###....##..#..#..#.#..†#.
#8#..###.#.P#..#.#.###©##
###..#©#©.#..#©.##.###.#.
#..#.#.#..#..#.#.##†#.. ### ###
###..#.##..#..#..#.##.##. #8# #8#
#8#..#.#Z.#..#...#.#####.
###########..#.#@#..#....#.#....©
.............#.##################
.............#.#§≈8§§#©.........©
.#############.##################
.#©...........©...........©#§§≈≈8
#################################
.....pp#.#......hh.#.#ZB.......#.
.....5.#.#.##...##.#.#B.##.##..#.
######.#.#.#.###.#.#.#.#..#..#.#.


You could see a spectral catoblepas, a spectral dream sheep, 2 raiju and 2 death
scarabs.

Vanquished Creatures
  2 vault guards (Bailey)
  A cyclops (D:11)
  A moth of wrath (Gauntlet)
  Joseph (D:9)
  A komodo dragon (D:9)
  Grinder (Sewer)
  Prince Ribbit (Bailey)
  2 shadows
  5 wyverns
  A vampire (D:10)
  A basilisk (D:10)
  A wraith (D:10)
  A steam dragon (D:6)
  13 yaks
  Eustachio (D:5)
  Grum (D:9)
  2 humans (Bailey)
  Menkaure (D:5)
  4 water moccasins
  An acid dragon (D:10)
  3 ice beasts
  11 orc warriors
  A black bear (D:5)
  2 sky beasts (D:7)
  A centaur (D:5)
  7 wolves
  7 kobold brigands
  12 bullfrogs
  A necrophage (Sewer)
  A gnoll sergeant (D:11)
  3 scorpions
  3 wights
  Dowan (D:6)
  7 killer bees
  An electric eel (D:10)
  A hound (D:4)
  6 orc priests
  3 gnoll boudas
  Crazy Yiuf (D:7)
  2 sleepcaps
  Jessica (D:3)
  3 iguanas
  6 orc wizards
  Robin (D:4)
  13 gnolls
  9 adders
  2 shadow imps (Sewer)
  A white imp (D:7)
  4 ufetubi
  2 adder zombies (Sewer)
  3 worms (D:3)
  A dart slug (D:4)
  29 orcs
  A bat zombie (Sewer)
  11 endoplasms
  6 giant cockroaches
  20 goblins
  13 hobgoblins
  5 jackals
  6 quokkas
  10 ball pythons
  12 bats
  4 frilled lizards
  53 kobolds
  A kobold zombie (Sewer)
  7 rats
340 creatures vanquished.

Vanquished Creatures (collateral kills)
  Nergalle (D:10)
  Duvessa (D:6)
  2 orc warriors
  A centaur (D:8)
  An ogre (D:7)
  3 killer bees (D:10)
  An electric eel (D:10)
  3 gnolls
  5 orcs
  A goblin (D:4)
  2 kobolds
21 creatures vanquished.

Vanquished Creatures (others)
  11 dancing weapons
  A killer bee (D:10)
12 creatures vanquished.

Grand Total: 373 creatures vanquished

Notes
Turn   | Place    | Note
-------+----------+-------------------------------------------
     0 | D:1      | LynnLen the Spriggan Enchanter began the quest for the Orb.
     0 | D:1      | Reached XP level 1. HP: 9/9 MP: 5/5
   326 | D:1      | Reached XP level 2. HP: 13/13 MP: 6/6
   327 | D:1      | Found a faded altar of an unknown god.
   414 | D:1      | Reached skill level 5 in Stealth
   839 | D:1      | Learned a level 2 spell: Ensorcelled Hibernation
   906 | D:1      | Reached XP level 3. HP: 6/16 MP: 1/8
   974 | D:1      | Learned a level 3 spell: Confusing Touch
  1244 | D:2      | Reached skill level 6 in Stealth
  1482 | D:2      | Reached XP level 4. HP: 21/21 MP: 9/9
  1891 | D:2      | Learned a level 3 spell: Tukima's Dance
  1928 | D:3      | Found an opulent altar of Gozag.
  2042 | D:3      | Found a glowing drain.
  2043 | D:3      | Noticed Jessica
  2092 | Sewer    | Entered a sewer
  2660 | Sewer    | Found an ancient bone altar of Kikubaaqudgha.
  2660 | Sewer    | Noticed a kobold brigand
  2765 | Sewer    | Killed a kobold brigand
  2766 | Sewer    | Reached skill level 7 in Stealth
  2766 | Sewer    | Reached skill level 5 in Hexes
  2766 | Sewer    | Reached XP level 5. HP: 10/24 MP: 3/11
  2902 | Sewer    | Noticed Grinder
  3217 | Sewer    | Reached XP level 6. HP: 24/28 MP: 9/13
  3482 | Sewer    | Killed Grinder
  3483 | Sewer    | Reached skill level 8 in Stealth
  3483 | Sewer    | Reached skill level 5 in Spellcasting
  3483 | Sewer    | Reached XP level 7. HP: 32/32 MP: 12/16
  3576 | D:3      | Killed Jessica
  4232 | D:3      | Found a hide-covered altar of Uskayaw.
  4635 | D:4      | Found a basalt altar of Yredelemnul.
  4692 | D:4      | Noticed Robin
  4854 | D:4      | Killed Robin
  5017 | D:4      | Found Aferump's Book Boutique.
  5313 | D:4      | Found a stormy altar of Qazlal.
  5316 | D:4      | Found a sacrificial altar of Ru.
  5452 | D:4      | Found a bloodstained altar of Trog.
  5497 | D:5      | Entered Level 5 of the Dungeon
  5527 | D:5      | Noticed Menkaure
  5531 | D:5      | Killed Menkaure
  5532 | D:5      | Reached skill level 9 in Stealth
  5784 | D:5      | Reached skill level 10 in Stealth
  5826 | D:5      | Noticed Eustachio
  5861 | D:5      | Reached XP level 8. HP: 28/36 MP: 15/18
  6073 | D:5      | Found a staircase to the Ecumenical Temple.
  6315 | D:5      | Killed Eustachio
  6316 | D:5      | Reached skill level 11 in Stealth
  6400 | D:5      | Identified the +0 dagger of Duty {vamp, rN+ Int+3 Dex-2}
  6421 | Temple   | Entered the Ecumenical Temple
  6426 | Temple   | Became a worshipper of Nemelex Xobeh the Trickster
  7496 | D:6      | Noticed Duvessa
  7499 | D:6      | Noticed Dowan
  7504 | D:6      | Killed Duvessa
  7511 | D:6      | Killed Dowan
  7616 | D:6      | Reached * piety under Nemelex Xobeh
  7681 | D:5      | Reached XP level 9. HP: 34/39 MP: 19/22
  7721 | D:6      | Reached skill level 12 in Stealth
  8052 | D:6      | Reached skill level 1 in Evocations
  8191 | D:7      | Found a flagged portal.
  8233 | Bailey   | Entered a bailey
  8253 | Bailey   | Identified a scroll of acquirement
  8583 | Bailey   | Reached skill level 13 in Stealth
  8712 | Bailey   | Noticed Prince Ribbit
  8713 | Bailey   | Noticed a vault guard
  8723 | Bailey   | Noticed a vault guard
  8766 | Bailey   | Killed a vault guard
  8954 | Bailey   | Killed Prince Ribbit
  8955 | Bailey   | Reached XP level 10. HP: 44/44 MP: 15/24
  9058 | Bailey   | Killed a vault guard
  9059 | Bailey   | Reached skill level 10 in Spellcasting
  9059 | Bailey   | Reached skill level 5 in Evocations
  9123 | D:7      | Acquired the +2 hood of the Assassin {Detect Stab+ Stlth++}
  9123 | D:7      | Found the +2 hood of the Assassin {Detect Stab+ Stlth++}
  9175 | D:7      | Found an ancient bone altar of Kikubaaqudgha.
  9294 | D:7      | Received a gift from Nemelex Xobeh
  9319 | D:7      | Reached skill level 10 in Hexes
  9641 | D:7      | Reached skill level 14 in Stealth
  9784 | D:7      | Found a runed translucent door.
  9785 | D:7      | Noticed Crazy Yiuf
  9962 | D:7      | Killed Crazy Yiuf
 10110 | D:8      | Reached ** piety under Nemelex Xobeh
 11187 | D:4      | Bought a book of Vapours for 312 gold pieces
 11190 | D:4      | Learned a level 2 spell: Poisonous Vapours
 11422 | D:9      | Received a gift from Nemelex Xobeh
 11533 | D:9      | Reached skill level 1 in Air Magic
 11591 | D:9      | Reached skill level 1 in Poison Magic
 11591 | D:9      | Reached skill level 1 in Invocations
 11693 | D:9      | Reached *** piety under Nemelex Xobeh
 11718 | D:9      | Reached skill level 15 in Stealth
 12224 | D:9      | Reached XP level 11. HP: 47/47 MP: 18/26
 12747 | D:9      | Received a gift from Nemelex Xobeh
 12926 | D:9      | Found a staircase to the Orcish Mines.
 13112 | D:10     | Entered Level 10 of the Dungeon
 13156 | D:10     | Noticed Joseph
 13210 | D:10     | Noticed Grum
 13390 | D:9      | Killed Grum
 13663 | D:9      | Killed Joseph
 13699 | D:10     | Noticed Nergalle
 13727 | D:10     | Found a staircase to the Lair.
 14150 | D:10     | Reached skill level 5 in Short Blades
 14818 | D:10     | Killed Nergalle
 14819 | D:10     | Reached skill level 16 in Stealth
 15141 | D:11     | Noticed Josephine
 15363 | D:11     | Found a gate leading to a gauntlet.
 15379 | Gauntlet | Entered a Gauntlet
 15379 | Gauntlet | Found a transporter.
 15390 | Gauntlet | Noticed a death scarab
 15392 | Gauntlet | Found a transporter.
 15392 | Gauntlet | Found a transporter.
 15394 | Gauntlet | Found a transporter.
 15397 | Gauntlet | Noticed a death scarab
 15428 | Gauntlet | Found a transporter.
 15430 | Gauntlet | Found a transporter.
 15452 | Gauntlet | Found a transporter.
 15453 | Gauntlet | Received a gift from Nemelex Xobeh
 15462 | Gauntlet | Found a transporter.
 15466 | Gauntlet | Found a large runed translucent door.
 15466 | Gauntlet | Found a large runed translucent door.
 15467 | Gauntlet | Found a large runed translucent door.
 15467 | Gauntlet | Found a large runed translucent door.
 15467 | Gauntlet | Found a large runed translucent door.
 15468 | Gauntlet | Found a runed translucent door.
 15469 | Gauntlet | Found a transporter.
 15470 | Gauntlet | Found a runed translucent door.
 15471 | Gauntlet | Found a large runed translucent door.
 15471 | Gauntlet | Found a large runed translucent door.
 15471 | Gauntlet | Found a large runed translucent door.
 15472 | Gauntlet | Found a large runed translucent door.
 15473 | Gauntlet | Found a large runed translucent door.
 15478 | Gauntlet | Found a large runed translucent door.
 15478 | Gauntlet | Found a large runed translucent door.
 15480 | Gauntlet | Found a large runed translucent door.
 15480 | Gauntlet | Found a large runed translucent door.
 15480 | Gauntlet | Found a large runed translucent door.
 15483 | Gauntlet | Found a runed translucent gate.
 15483 | Gauntlet | Found a runed translucent gate.
 15483 | Gauntlet | Found a runed translucent gate.
 15485 | Gauntlet | Found a transporter.
 15497 | Gauntlet | Found a large runed translucent door.
 15502 | Gauntlet | Noticed a wolf spider
 15505 | Gauntlet | Found a transporter.
 15517 | Gauntlet | Found a transporter.
 15517 | Gauntlet | Noticed an orange crystal statue
 15527 | Gauntlet | Noticed a death scarab
 15529 | Gauntlet | Found a transporter.
 15541 | Gauntlet | Found a transporter.
 15564 | Gauntlet | Found a transporter.
 15568 | Gauntlet | Noticed a wizard
 15571 | Gauntlet | Found a transporter.
 15573 | Gauntlet | Found a transporter.
 15578 | Gauntlet | Noticed a wizard
 15619 | Gauntlet | Found a transporter.
 15892 | Gauntlet | Slain by a spectral catoblepas

Illustrated notes

Levels and vault maps discovered:
D:1:      psy_arrival_whirlpool, layout_loops_ring, basic_ecumenical_altar,
          kennysheep_minor_cross
D:2:      layout_loops_ring
D:3:      minmay_skewed_foursquare, layout_loops_ring,
          mainiacjoe_overflow_concentric_impassable,
          nicolae_overflow_crystal_walls, cheibrodos_sewer_entry_sluice,
          uniq_jessica
D:4:      layout_cave_pools, mainiacjoe_overflow_surrounded_room,
          kennysheep_mini_moat, nicolae_overflow_squiral, serial_shops, shop,
          grunt_ministairs_11, uniq_robin
D:5:      layout_rooms, minmay_temple_entry_overgrown, item_on_display_a,
          uniq_eustachio, uniq_menkaure
D:6:      layout_gridville, minmay_misc_feat_doors, uniq_duvessa
D:7:      layout_loops_ring, amcnicky_altar_gilded, enter_bailey_5,
          uniq_crazy_yiuf_cottage
D:8:      layout_loops_ring, kennysheep_another_room, minmay_fractal_squares_5
D:9:      layout_roguey, david_orc_5
D:10:     layout_basic, minmay_lair_entry_grove, nrook_campfire, uniq_nergalle,
          uniq_joseph, uniq_grum
D:11:     layout_roguey, serial_shops, shop_fountains, gauntlet_entry_generic,
          uniq_josephine
Temple:   minmay_freezing_vapour_temple
Gauntlet: gammafunk_gauntlet_one_two_three [gammafunk_gauntlet_arena_crates,
          gammafunk_gauntlet_arena_arrow_garden,
          gammafunk_gauntlet_arena_split_x, gammafunk_gauntlet_arena_teeth,
          gammafunk_gauntlet_arena_corners, nicolae_gauntlet_arena_quarters,
          nicolae_gauntlet_arena_grate_2, nicolae_gauntlet_swirl,
          minmay_gauntlet_arena_make_your_own_arena, gauntlet_exit_hidden_loot]

Skill      XL: |  1  2  3  4  5  6  7  8  9 10 11 |
---------------+----------------------------------+-----
Hexes          | 4 5 6 7 8 9 10 11 | 11.2
Stealth        | 5 6 7 8 10 11 13 15 16 | 16.5
Spellcasting   | 3 4 5 6 8 9 10 11 | 11.6
Evocations     | 4 6 8 |  8.5
Short Blades   | 3 4 5 |  5.5
Air Magic      | 1 2 |  2.0
Poison Magic   | 1 2 |  2.0
Invocations    | 1 3 |  3.8
Dodging        | |  2.6

Action                     |  1- 3 |  4- 6 |  7- 9 | 10-12 || total
---------------------------+-------+-------+-------+-------++-------
  Melee: Dagger            |   128 |    64 |       |       ||   192
         Punch             |     3 |     2 |     6 |     5 ||    16
         Short sword       |       |    68 |   211 |       ||   279
         Rapier            |       |       |    75 |   364 ||   439
  Throw: Stone             |       |       |       |     1 ||     1
   Cast: Ensorcelled Hiber |     6 |    31 |    52 |   103 ||   192
         Confusing Touch   |       |    10 |     9 |    16 ||    35
         Tukima's Dance    |       |     3 |    22 |    38 ||    63
 Invoke: Draw Destruction  |       |       |       |     4 ||     4
         Triple Draw       |       |       |       |     1 ||     1
         Draw Escape       |       |       |       |     1 ||     1
  Evoke: Wand              |       |       |       |     2 ||     2
    Use: Potion            |       |     5 |     1 |     9 ||    15
         Scroll            |       |     4 |     8 |     8 ||    20
   Stab: Sleeping          |    11 |    19 |    46 |    96 ||   172
         Distracted        |     1 |     1 |     1 |     4 ||     7
         Confused          |       |     4 |     5 |    12 ||    21
         Invisible         |       |     2 |       |       ||     2
 Armour: Robe              |    18 |    13 |    49 |    32 ||   112
  Dodge: Dodged            |   103 |   116 |   234 |   295 ||   748
